[Event "Team 45 45 League T91"]
[Site "Internet Chess Club"]
[Date "2022.01.21"]
[Round "2"]
[White "fhunfi"]
[Black "elmaestro"]
[Result "0-1"]
[WhiteElo "1639"]
[BlackElo "1669"]
[Opening "Sicilian: closed"]
[ECO "B23"]
[Time "13:12:18"]
[PlyCount "98"]
[TimeControl "2700+45"]

1. e4 c5 2. Nc3 d6 3. d4 cxd4 4. Qxd4 Nc6 5. Qd2 a6 6. b3 g6 7. Bb2 Bg7 8. Nge2
Qa5 9. g3 Nf6 10. Bg2 O-O 11. a3 Bg4 12. b4 Qb6 13. h3 Bxe2 14. Qxe2 Nd4 15. Qd3
Rac8 16. Rc1 Qa7 17. Ne2 Nxe2 18. Qxe2 b5 19. c4 bxc4 20. Rxc4 Rxc4 21. Qxc4
Nxe4 22. Bxe4 Bxb2 23. Qb3 Bd4 24. O-O Rc8 25. Kg2 e6 26. a4 d5 27. Bf3 Rc3 28.
Qa2 Qb6 29. Rb1 Qc7 30. Bd1 Be5 31. Rb3 Rc1 32. Bf3 Ra1 33. Qe2 Rxa4 34. b5 axb5
35. Qxb5 Ra2 36. Re3 Bxg3 37. Re2 Rxe2 38. Qxe2 Bf4 39. Qd3 Qc4 40. Qa3 Be5 41.
Qa8+ Kg7 42. Qa3 Qf4 43. Bg4 h5 44. Bf3 Qh2+ 45. Kf1 Qxh3+ 46. Ke2 Qh2 47. Qd3
Qf4 48. Bxd5 exd5 49. Qxd5 h4 {White resigns} 0-1

[Event "Team 45 45 League T91"]
[Site "Internet Chess Club"]
[Date "2022.01.22"]
[Round "2"]
[White "Gojira"]
[Black "fireball"]
[Result "0-1"]
[WhiteElo "1567"]
[BlackElo "1591"]
[Opening "Queen's pawn"]
[ECO "A40"]
[Time "09:03:39"]
[PlyCount "94"]
[TimeControl "2700+45"]

1. d4 e6 2. Nc3 Bb4 3. Bf4 c5 4. e3 Qa5 5. Ne2 Nf6 6. a3 Bxc3+ 7. Nxc3 Nc6 8.
Be2 Ne4 9. Qd3 d5 10. dxc5 Nxc3 11. Qxc3 Qxc3+ 12. bxc3 e5 13. Bg3 Bf5 14. Bd3
e4 15. Bb5 Rc8 16. Rb1 Bd7 17. Bd6 Na5 18. Bxd7+ Kxd7 19. Ke2 Kc6 20. Be5 Nc4
21. Bd4 Nxa3 22. Rb2 Nc4 23. Rb4 f6 24. Rhb1 Rc7 25. Ra1 a5 26. Rxc4 dxc4 27.
Rxa5 Rcc8 28. Ra4 Kd5 29. Rb4 Rc7 30. Rb6 Rd8 31. g4 Rdd7 32. f4 Rc6 33. Rb4 Ra6
34. Rb5 Ra2 35. Kd2 Ra1 36. c6+ Kxc6 37. Rc5+ Kd6 38. g5 Ke6 39. gxf6 gxf6 40.
Rf5 Rf7 41. Rb5 f5 42. Rc5 Rh1 43. h4 Rf8 44. Re5+ Kd7 45. Rd5+ Kc6 46. Rc5+ Kd6
47. Rb5 Rg8 {White resigns} 0-1

[Event "Team 45 45 League T91"]
[Site "Internet Chess Club"]
[Date "2022.01.22"]
[Round "2"]
[White "ChessG2011"]
[Black "jcule"]
[Result "1/2-1/2"]
[WhiteElo "1483"]
[BlackElo "1387"]
[Opening "Pirc: classical system, 5.Be2"]
[ECO "B06"]
[Time "15:00:44"]
[PlyCount "78"]
[TimeControl "2700+45"]

1. e4 g6 2. d4 Bg7 3. Nf3 d6 4. Be2 Nf6 5. Nc3 O-O 6. O-O Nbd7 7. Be3 e5 8. d5
a6 9. Qd2 Qe7 10. h3 b5 11. a3 Bb7 12. Rfd1 Rfd8 13. Rab1 Ne8 14. Kh1 c6 15.
dxc6 Bxc6 16. Nd5 Bxd5 17. Qxd5 Ndf6 18. Qd3 d5 19. exd5 e4 20. Qb3 exf3 21.
Bxf3 Rac8 22. Rd2 Qd6 23. Rbd1 Qe5 24. c3 Nd6 25. Bd4 Qe7 26. Re2 Qc7 27. Be5
Re8 28. Rde1 Qc4 29. Qc2 Qc7 30. Qb3 Qd7 31. Qb4 Nc4 32. Bxf6 Bxf6 33. Bg4 Rxe2
34. Rxe2 Qc7 35. Bxc8 Qxc8 36. b3 Nb2 37. Rc2 Nd3 38. Qe4 Nc5 39. Qb4 Nd3 {Game
drawn by mutual agreement} 1/2-1/2

[Event "Team 45 45 League T91"]
[Site "Internet Chess Club"]
[Date "2022.01.24"]
[Round "2"]
[White "Fulmar"]
[Black "smsxman"]
[Result "0-1"]
[WhiteElo "1259"]
[BlackElo "1398"]
[Opening "Queen's pawn game, Chigorin variation"]
[ECO "D02"]
[Time "12:06:11"]
[PlyCount "138"]
[TimeControl "2700+45"]

1. d4 d5 2. Nf3 Nc6 3. e3 g6 4. Bd3 Bg7 5. c4 b6 6. Nc3 Nf6 7. a3 Bb7 8. b4 a6
9. O-O O-O 10. Bb2 Re8 11. Ne5 Nxe5 12. dxe5 dxc4 13. exf6 Bxf6 14. Bxc4 Qc8 15.
h3 b5 16. Ba2 Bg7 17. Qb3 e6 18. Rfd1 c5 19. bxc5 Qxc5 20. Ne2 Bd5 21. Rxd5 exd5
22. Rc1 Qd6 23. Bxg7 Kxg7 24. Nf4 Rec8 25. Rc3 Rc4 26. Rxc4 dxc4 27. Qc3+ f6 28.
Kf1 Rd8 29. Qd4 Kf7 30. Qxd6 Rxd6 31. Ke2 g5 32. Nh5 Kg6 33. Ng3 c3 34. Bb1+ Kf7
35. Ne4 Rc6 36. Bc2 Ke7 37. Kd3 a5 38. Nxc3 Rd6+ 39. Ke2 b4 40. axb4 axb4 41.
Ne4 Ra6 42. Bb3 Ra3 43. Nd2 Ra1 44. Kf3 h6 45. g4 Ra3 46. Ke4 Ra1 47. Kf3 Kd6
48. Ne4+ Ke5 49. Nd2 Rh1 50. Kg2 Ra1 51. Kg3 f5 52. f4+ Kf6 53. gxf5 Kxf5 54.
e4+ Kf6 55. f5 Ke5 56. h4 Rg1+ 57. Kh3 Kf4 58. f6 Rg3+ 59. Kh2 Rd3 60. f7 Rxd2+
61. Kg1 Rd8 62. hxg5 hxg5 63. Bc2 Rf8 64. Bb3 Kxe4 65. Kf2 Ke5 66. Kg3 Kf6 67.
Kg4 Rxf7 68. Bxf7 Kxf7 69. Kxg5 b3 {White resigns} 0-1

[Event "Team 45 45 League T91"]
[Site "Internet Chess Club"]
[Date "2022.01.23"]
[Round "2"]
[White "Signofthetimes"]
[Black "MrAbendroth"]
[Result "0-1"]
[WhiteElo "1521"]
[BlackElo "1707"]
[Opening "Sicilian defense"]
[ECO "B30"]
[Time "08:32:19"]
[PlyCount "36"]
[TimeControl "2700+45"]

1. e4 c5 2. Nf3 Nc6 3. Bc4 e6 4. Nc3 Nf6 5. d4 cxd4 6. Nxd4 a6 7. f3 Qc7 8. Bb3
Bd6 9. Bg5 Bxh2 10. Nce2 Bg3+ 11. Kf1 Be5 12. a3 Nxd4 13. Nxd4 d6 14. Qd3 Bd7
15. Rd1 O-O-O 16. f4 Bxd4 17. Qxd4 e5 18. Qxd6 Bb5+ {White resigns} 0-1

[Event "Team 45 45 League T91"]
[Site "Internet Chess Club"]
[Date "2022.01.23"]
[Round "2"]
[White "evan7284"]
[Black "scostanzo212"]
[Result "0-1"]
[WhiteElo "1575"]
[BlackElo "1569"]
[Opening "Queen's pawn, Mason variation"]
[ECO "D00"]
[Time "15:01:40"]
[PlyCount "82"]
[TimeControl "2700+45"]

1. d4 d5 2. Bf4 Nf6 3. e3 c5 4. c3 Nc6 5. Bd3 Qb6 6. Qb3 c4 7. Qxb6 axb6 8. Bc2
b5 9. Nd2 b4 10. Ne2 e6 11. h3 b5 12. O-O Be7 13. e4 O-O 14. e5 Nd7 15. Be3 bxc3
16. bxc3 b4 17. Rfb1 bxc3 18. Nxc3 Nb4 19. Bd1 Ra3 20. Nb5 Rxa2 21. Rxa2 Nxa2
22. Ra1 Nb4 23. Ra7 Nc6 24. Ra1 Bb7 25. Nb1 Ra8 26. Rxa8+ Bxa8 27. N1c3 Nb4 28.
Kf1 Nb8 29. f4 N8c6 30. g4 Bb7 31. f5 Ba6 32. fxe6 fxe6 33. Nc7 Kf7 34. Nxa6
Nxa6 35. Ba4 Ncb4 36. Nb5 Nd3 37. Bc2 Nab4 38. Bxd3 Nxd3 39. Nc3 Bb4 40. Nd1 c3
41. Ke2 c2 {White resigns} 0-1

[Event "Team 45 45 League T91"]
[Site "Internet Chess Club"]
[Date "2022.01.19"]
[Round "2"]
[White "tightfist"]
[Black "gduranko"]
[Result "0-1"]
[WhiteElo "1439"]
[BlackElo "1452"]
[Opening "Nimzovich-Larsen attack"]
[ECO "A01"]
[Time "19:01:01"]
[PlyCount "132"]
[TimeControl "2700+45"]

1. b3 d6 2. Bb2 Nd7 3. d4 Ngf6 4. g3 c6 5. Bg2 d5 6. Nf3 g6 7. O-O Bg7 8. Nbd2
O-O 9. c4 e6 10. Qc2 a5 11. Rac1 b5 12. cxb5 cxb5 13. Qc6 Ba6 14. Qc7 Rc8 15.
Qd6 Qb6 16. Qxb6 Nxb6 17. Ne5 b4 18. Bf3 Bb5 19. Rc5 Rxc5 20. dxc5 Nbd7 21. Rc1
Nxe5 22. Bxe5 Bc6 23. Bc7 Ra8 24. Be5 Ne8 25. Bd6 a4 26. Rb1 axb3 27. axb3 Ra1
28. Kg2 Rxb1 29. Nxb1 Nxd6 30. cxd6 Bf8 31. d7 Bxd7 32. e4 Bc6 33. Nd2 Bg7 34.
exd5 Bxd5 35. Nc4 Bc3 36. Bxd5 exd5 37. Ne3 d4 38. Nd1 Kf8 39. Kf3 Ke7 40. Ke4
Kd6 41. f3 f5+ 42. Kd3 Kd5 43. h3 g5 44. g4 Ke5 45. gxf5 Kxf5 46. Nf2 Kf4 47.
Ne4 h6 48. Ke2 d3+ 49. Kxd3 Kxf3 50. Nxc3 bxc3 51. Kxc3 Ke4 52. Kc4 Ke5 53. Kc5
h5 54. b4 g4 55. hxg4 hxg4 56. Kc6 g3 57. b5 g2 58. b6 g1=Q 59. b7 Qc1+ 60. Kb6
Qb2+ 61. Kc7 Qc3+ 62. Kb6 Qb4+ 63. Ka6 Kd6 64. Ka7 Kc7 65. b8=Q+ Qxb8+ 66. Ka6
Qb6# {White checkmated} 0-1

[Event "Team 45 45 League T91"]
[Site "Internet Chess Club"]
[Date "2022.01.23"]
[Round "2"]
[White "OGO"]
[Black "kingphisch"]
[Result "1-0"]
[WhiteElo "1263"]
[BlackElo "1289"]
[Opening "English: symmetrical, Benoni formation"]
[ECO "A31"]
[Time "14:00:42"]
[PlyCount "119"]
[TimeControl "2700+45"]

1. d4 Nf6 2. c4 c5 3. Nf3 cxd4 4. Nxd4 Nc6 5. e3 e6 6. Bd3 d5 7. O-O Bc5 8. Nxc6
bxc6 9. Qc2 Qb6 10. Nc3 Be7 11. b3 O-O 12. Bb2 Bd7 13. Rab1 Rac8 14. Na4 Qc7 15.
Bxf6 Bxf6 16. Bxh7+ Kh8 17. Bd3 c5 18. Qe2 Qe5 19. f4 Qxe3+ 20. Qxe3 Bd4 21.
Qxd4 cxd4 22. Nb2 f5 23. cxd5 exd5 24. Rbc1 Rc3 25. Rxc3 dxc3 26. Nd1 d4 27. Rf3
g6 28. Bc2 Re8 29. Rd3 Re4 30. Rh3+ Kg7 31. Bxe4 fxe4 32. Nxc3 Bxh3 33. Nxe4 Bf5
34. Nd2 Kf6 35. Kf2 Ke6 36. Kf3 Kd5 37. g4 Bd3 38. h4 a5 39. h5 gxh5 40. gxh5
Bf5 41. h6 Kc5 42. a3 Kb5 43. Nc4 Bc2 44. Nd6+ Kc5 45. Ne4+ Kd5 46. Nd2 Bf5 47.
Nc4 Be4+ 48. Ke2 Kc5 49. Nxa5 Kb5 50. Nc4 Kc5 51. Ne5 Kd5 52. a4 Kc5 53. Nd3+
Kd6 54. a5 Kc6 55. b4 Kb5 56. Kd2 Bf5 57. Ne5 Kxb4 58. a6 Kb5 59. a7 Be4 60. h7
{Black resigns} 1-0

[Event "Team 45 45 League T91"]
[Site "Internet Chess Club"]
[Date "2022.01.23"]
[Round "2"]
[White "manfredo"]
[Black "ElValero"]
[Result "0-1"]
[WhiteElo "1490"]
[BlackElo "1658"]
[Opening "French: advance, Paulsen attack"]
[ECO "C02"]
[Time "13:02:03"]
[PlyCount "96"]
[TimeControl "2700+45"]

1. e4 e6 2. d4 d5 3. e5 c5 4. c3 Nc6 5. Nf3 Nge7 6. Na3 cxd4 7. cxd4 Nf5 8. Nc2
Qb6 9. Bd3 Nb4 10. Bxf5 exf5 11. O-O Be7 12. Bd2 Nxc2 13. Qxc2 O-O 14. Qb3 Qxb3
15. axb3 h6 16. Rfc1 a6 17. h4 Rb8 18. h5 Be6 19. Rc2 Rfc8 20. Rac1 Rxc2 21.
Rxc2 Rc8 22. Rxc8+ Bxc8 23. Ba5 f4 24. Ne1 Bg4 25. Nd3 Bd1 26. b4 f3 27. Nf4 Bb3
28. gxf3 Bc4 29. Nh3 Kf8 30. Kg2 Ke8 31. Kg3 Kd7 32. f4 Kc6 33. b5+ Bxb5 34. f3
Bd3 35. Nf2 Bf5 36. Nd1 Kb5 37. Bc3 Be6 38. Ne3 g6 39. hxg6 fxg6 40. Ng4 h5 41.
Nf6 Kc4 42. Kh4 b5 43. Kg5 b4 44. Be1 Bf5 45. Kh6 a5 46. Kg7 a4 47. Kf7 a3 48.
bxa3 b3 {White resigns} 0-1

[Event "Team 45 45 League T91"]
[Site "Internet Chess Club"]
[Date "2022.01.23"]
[Round "2"]
[White "fvafier"]
[Black "kabindra"]
[Result "0-1"]
[WhiteElo "1511"]
[BlackElo "1694"]
[Opening "Réti: King's Indian attack (Barcza system)"]
[ECO "A07"]
[Time "12:00:30"]
[PlyCount "44"]
[TimeControl "2700+45"]

1. Nf3 d5 2. g3 Nc6 3. Bg2 Bf5 4. d3 Qd7 5. O-O O-O-O 6. Nbd2 Bh3 7. b3 h5 8.
Bb2 h4 9. Nxh4 Rxh4 10. Bxh3 Rxh3 11. e3 Nf6 12. Bxf6 exf6 13. f4 Bd6 14. Qf3
Rdh8 15. Rf2 Qf5 16. Nf1 g5 17. Qe2 gxf4 18. exf4 Bc5 19. Ne3 Qe6 20. Re1 Re8
21. Nf1 Qxe2 22. Rxe2 Rxe2 {White resigns} 0-1

[Event "Team 45 45 League T91"]
[Site "Internet Chess Club"]
[Date "2022.01.23"]
[Round "2"]
[White "WzeroMN"]
[Black "Denis240964"]
[Result "0-1"]
[WhiteElo "1055"]
[BlackElo "1428"]
[Opening "Ruy Lopez: closed"]
[ECO "C90"]
[Time "14:00:41"]
[PlyCount "50"]
[TimeControl "2700+45"]

1. e4 e5 2. Nf3 Nc6 3. Bb5 a6 4. Ba4 Nf6 5. O-O b5 6. Bb3 Be7 7. Re1 d6 8. d3
Na5 9. Bd2 Nxb3 10. axb3 c5 11. b4 Bg4 12. bxc5 Bxf3 13. Qxf3 dxc5 14. Ba5 Qd6
15. Nc3 O-O 16. Nd5 Nxd5 17. exd5 f6 18. b3 Ra7 19. c4 f5 20. Qe3 Bf6 21. f4
exf4 22. Qe6+ Qxe6 23. Rxe6 Bxa1 24. Bb6 Bd4+ 25. Kf1 Raa8 {White resigns} 0-1

[Event "Team 45 45 League T91"]
[Site "Internet Chess Club"]
[Date "2022.01.21"]
[Round "2"]
[White "primerpaso"]
[Black "Zugzwanged"]
[Result "1-0"]
[WhiteElo "1859"]
[BlackElo "1675"]
[Opening "Queen's Indian: anti-Queen's Indian system"]
[ECO "E12"]
[Time "13:01:41"]
[PlyCount "67"]
[TimeControl "2700+45"]

1. c4 Nf6 2. Nc3 b6 3. d4 Bb7 4. Nf3 e6 5. g3 Be7 6. Bg2 Ne4 7. Nxe4 Bxe4 8. O-O
O-O 9. b3 d5 10. Bb2 Bf6 11. Qd2 dxc4 12. Qf4 Bb7 13. bxc4 c5 14. Rfd1 cxd4 15.
Bxd4 Bxd4 16. Rxd4 Qe7 17. Rad1 Bc6 18. Rd6 Qb7 19. Qh4 h6 20. g4 f6 21. Rxe6
Na6 22. Qh5 Rad8 23. Red6 Rxd6 24. Rxd6 Qc7 25. Rd4 Nc5 26. Qf5 Rd8 27. h4 Rxd4
28. Nxd4 Bxg2 29. Kxg2 Qf7 30. Qd5 Kf8 31. Kf3 Qe8 32. Nf5 Qc8 33. Qd6+ Kf7 34.
Qe7+ {Black forfeits on time} 1-0

[Event "Team 45 45 League T91"]
[Site "Internet Chess Club"]
[Date "2022.01.21"]
[Round "2"]
[White "Electryon"]
[Black "BrianWood"]
[Result "0-1"]
[WhiteElo "1479"]
[BlackElo "1482"]
[Opening "English opening"]
[ECO "A30"]
[Time "20:00:59"]
[PlyCount "38"]
[TimeControl "2700+45"]

1. Nf3 Nf6 2. c4 c5 3. g3 d5 4. Bg2 d4 5. O-O Nc6 6. e3 e5 7. exd4 cxd4 8. d3
Nd7 9. Re1 Be7 10. a3 a5 11. Nfd2 O-O 12. f4 exf4 13. gxf4 Bh4 14. Rf1 Nf6 15.
Nf3 Ng4 16. Nxh4 Qxh4 17. h3 Re8 18. hxg4 Bxg4 19. Qd2 Re2 {White resigns} 0-1

[Event "Team 45 45 League T91"]
[Site "Internet Chess Club"]
[Date "2022.01.20"]
[Round "2"]
[White "jjmolina1"]
[Black "tryanything"]
[Result "1-0"]
[WhiteElo "1406"]
[BlackElo "1424"]
[Opening "Ruy Lopez: closed, Bogolyubov variation"]
[ECO "C91"]
[Time "03:59:27"]
[PlyCount "54"]
[TimeControl "2700+45"]

1. e4 e5 2. Nf3 Nc6 3. Bb5 Nf6 4. O-O a6 5. Ba4 b5 6. Bb3 Be7 7. Re1 O-O 8. c3
d6 9. d4 Bg4 10. d5 Nb8 11. c4 Nbd7 12. Nc3 Nc5 13. cxb5 axb5 14. Bc2 b4 15. Na4
Nfd7 16. b3 f5 17. exf5 Bxf5 18. Nb2 Bxc2 19. Qxc2 e4 20. Nd4 Bf6 21. Be3 Ne5
22. Red1 Qd7 23. Nc4 Qg4 24. Nxe5 Bxe5 25. Rab1 Rac8 26. Nc6 Qh4 27. Nxe5 dxe5
{Black resigns} 1-0

[Event "Team 45 45 League T91"]
[Site "Internet Chess Club"]
[Date "2022.01.21"]
[Round "2"]
[White "clarinetref"]
[Black "Andaluz"]
[Result "1-0"]
[WhiteElo "1456"]
[BlackElo "1288"]
[Opening "Sicilian defense"]
[ECO "B20"]
[Time "14:00:44"]
[PlyCount "87"]
[TimeControl "2700+45"]

1. e4 c5 2. b3 Nf6 3. Nc3 Nc6 4. Bb2 d5 5. exd5 Nxd5 6. Bb5 Nxc3 7. Bxc6+ bxc6
8. Bxc3 Qd5 9. Nf3 Bg4 10. h3 Bxf3 11. Qxf3 Qxf3 12. gxf3 f6 13. O-O-O e5 14.
Rhe1 Kf7 15. d3 Bd6 16. Bd2 Rhe8 17. Re4 Rad8 18. Be3 Ke6 19. Ra4 Ra8 20. Ra5
Kd7 21. Bxc5 Bxc5 22. Rxc5 Kd6 23. Rc4 c5 24. Rg1 g5 25. h4 h6 26. Kb2 Rg8 27.
h5 Rgb8 28. c3 a5 29. Ra4 f5 30. Rd1 Kc6 31. d4 cxd4 32. cxd4 exd4 33. Rdxd4 Rb5
34. Rac4+ Rc5 35. a4 Rxc4 36. Rxc4+ Kd7 37. Rc5 Kd6 38. Rxf5 Ke6 39. Rb5 Ra6 40.
Rb8 Kf5 41. Rf8+ Ke5 42. Rg8 Kf4 43. Rg6 Ke5 44. Rxa6 {Black resigns} 1-0

[Event "Team 45 45 League T91"]
[Site "Internet Chess Club"]
[Date "2022.01.23"]
[Round "2"]
[White "Goli"]
[Black "cadmiumorange"]
[Result "1/2-1/2"]
[WhiteElo "1753"]
[BlackElo "1849"]
[Opening "Robatsch defense: Pseudo-Austrian attack"]
[ECO "B06"]
[Time "06:30:21"]
[PlyCount "32"]
[TimeControl "2700+45"]

1. e4 g6 2. d4 Bg7 3. Nc3 d6 4. f4 Nc6 5. Be3 Nf6 6. h3 e6 7. Qd2 a6 8. Nf3 Ne7
9. Be2 b5 10. a3 Bb7 11. e5 Ne4 12. Nxe4 Bxe4 13. O-O Nf5 14. Bf2 dxe5 15. fxe5
Bh6 16. Qc3 O-O {Game drawn by mutual agreement} 1/2-1/2

[Event "Team 45 45 League T91"]
[Site "Internet Chess Club"]
[Date "2022.01.22"]
[Round "2"]
[White "hipopotamos"]
[Black "cityprosecutor"]
[Result "1-0"]
[WhiteElo "1766"]
[BlackElo "1716"]
[Opening "Pirc: classical (two knights) system"]
[ECO "B08"]
[Time "21:09:49"]
[PlyCount "61"]
[TimeControl "2700+45"]

1. e4 d6 2. Nf3 Nf6 3. Nc3 g6 4. d4 Bg7 5. Bc4 O-O 6. O-O c6 7. Be3 Nxe4 8. Nxe4
d5 9. Bd3 dxe4 10. Bxe4 Bg4 11. c3 e6 12. Qb3 Qe7 13. h3 Bf5 14. Bxf5 exf5 15.
Rfe1 Qc7 16. Ne5 Nd7 17. Bf4 Nxe5 18. dxe5 Kh8 19. Bg3 Rae8 20. e6 Qe7 21. exf7
Qxe1+ 22. Rxe1 Rxe1+ 23. Kh2 Rd8 24. Qxb7 Bf8 25. f3 Re2 26. Qxc6 Kg7 27. Qc4
Rdd2 28. Bf4 Rxg2+ 29. Kh1 Rde2 30. Be5+ Rxe5 31. Kxg2 {Black resigns} 1-0

[Event "Team 45 45 League T91"]
[Site "Internet Chess Club"]
[Date "2022.01.22"]
[Round "2"]
[White "Egmont"]
[Black "walkover"]
[Result "0-1"]
[WhiteElo "1535"]
[BlackElo "1704"]
[Opening "Nimzo-Indian: Sämisch variation"]
[ECO "E25"]
[Time "11:03:46"]
[PlyCount "52"]
[TimeControl "2700+45"]

1. d4 Nf6 2. c4 e6 3. Nc3 Bb4 4. a3 Bxc3+ 5. bxc3 c5 6. f3 d5 7. cxd5 Nxd5 8.
Nh3 Nxc3 9. Qc2 cxd4 10. e3 e5 11. Nf2 Nc6 12. Bd2 dxe3 13. Bxe3 Nd5 14. Bd2 Nd4
15. Qe4 O-O 16. Bc4 Nf6 17. Qb1 Bf5 18. Bd3 Bxd3 19. Qxd3 Rc8 20. O-O h6 21.
Rab1 Qd7 22. Rfe1 Rfe8 23. Rb4 b5 24. f4 Nc2 25. Qxd7 Nxd7 26. Rxb5 Nxe1 {White
resigns} 0-1

[Event "Team 45 45 League T91"]
[Site "Internet Chess Club"]
[Date "2022.01.21"]
[Round "2"]
[White "Timmah4651"]
[Black "scostanzo212"]
[Result "1/2-1/2"]
[WhiteElo "1593"]
[BlackElo "1551"]
[Opening "Réti opening"]
[ECO "A11"]
[Time "22:05:06"]
[PlyCount "80"]
[TimeControl "2700+45"]

1. Nf3 d5 2. c4 c6 3. g3 Nf6 4. Bg2 Bf5 5. O-O e6 6. b3 Bd6 7. Bb2 Nbd7 8. d3 h6
9. Nbd2 O-O 10. Re1 Qc7 11. e4 dxe4 12. dxe4 Bg4 13. Qc2 Ne5 14. Nxe5 Bxe5 15.
Nf3 Bxf3 16. Bxf3 Rad8 17. Rad1 Rxd1 18. Rxd1 Bxb2 19. Qxb2 Rd8 20. e5 Rxd1+ 21.
Bxd1 Nd7 22. f4 Qb6+ 23. Qf2 Qxf2+ 24. Kxf2 c5 25. Bf3 b6 26. Bc6 Nb8 27. Bb5
Kf8 28. Ke3 Ke7 29. Ke4 Nd7 30. Bxd7 Kxd7 31. g4 Ke8 32. a3 Kd7 33. h4 g6 34. h5
Ke7 35. b4 a6 36. bxc5 bxc5 37. a4 gxh5 38. gxh5 a5 39. f5 Kd7 40. Kf4 Ke7 {Game
drawn by mutual agreement} 1/2-1/2

[Event "Team 45 45 League T91"]
[Site "Internet Chess Club"]
[Date "2022.01.19"]
[Round "2"]
[White "fhunfi"]
[Black "jaboti"]
[Result "1/2-1/2"]
[WhiteElo "1655"]
[BlackElo "1766"]
[Opening "Alekhine's defense: Sämisch attack"]
[ECO "B02"]
[Time "09:00:46"]
[PlyCount "31"]
[TimeControl "2700+45"]

1. e4 Nf6 2. e5 Nd5 3. Nc3 Nxc3 4. bxc3 d6 5. f4 g6 6. Nf3 Bg7 7. d4 O-O 8. Bd3
dxe5 9. fxe5 c5 10. h3 Nc6 11. Be3 e6 12. O-O Qa5 13. Bd2 Qd8 14. Be3 Qa5 15.
Bd2 Qd8 16. Be3 {Game drawn by repetition} 1/2-1/2

[Event "Team 45 45 League T91"]
[Site "Internet Chess Club"]
[Date "2022.01.22"]
[Round "2"]
[White "Packerfan"]
[Black "MrAbendroth"]
[Result "1-0"]
[WhiteElo "1750"]
[BlackElo "1698"]
[Opening "English: symmetrical variation"]
[ECO "A16"]
[Time "10:03:47"]
[PlyCount "115"]
[TimeControl "2700+45"]

1. c4 Nf6 2. Nc3 c5 3. g3 Nc6 4. Bg2 g6 5. d3 Bg7 6. e4 O-O 7. Nge2 d6 8. O-O a6
9. Rb1 Rb8 10. f4 e6 11. a4 Qc7 12. b3 Rd8 13. Kh1 b6 14. Be3 Ng4 15. Bg1 Bb7
16. h3 Nf6 17. Qd2 Ne7 18. d4 cxd4 19. Bxd4 e5 20. Be3 exf4 21. Nxf4 Nd7 22.
Nfd5 Nxd5 23. Nxd5 Bxd5 24. exd5 Ne5 25. Rbe1 Qd7 26. Bd4 b5 27. axb5 axb5 28.
c5 f6 29. c6 Qc7 30. Ra1 Ra8 31. Qc3 f5 32. Rxa8 Rxa8 33. Ra1 Rxa1+ 34. Qxa1 Bf6
35. Qa6 Bd8 36. Qxb5 Qe7 37. Qb8 Kf7 38. Bxe5 Bc7 39. Qh8 dxe5 40. Qxh7+ Kf6 41.
Qxe7+ Kxe7 42. g4 Kd6 43. gxf5 gxf5 44. Kg1 e4 45. Bf1 Kxd5 46. Bb5 f4 47. Kf2
Be5 48. h4 Kd6 49. h5 Bd4+ 50. Ke2 Kc7 51. h6 Be5 52. h7 Bf6 53. b4 Be5 54. Ba4
Kb6 55. b5 Kc7 56. Bc2 e3 57. Be4 Bh8 58. Bf3 {Black resigns} 1-0

[Event "Team 45 45 League T91"]
[Site "Internet Chess Club"]
[Date "2022.01.22"]
[Round "2"]
[White "marioseixas1992"]
[Black "ivanson"]
[Result "1-0"]
[WhiteElo "1500"]
[BlackElo "1597"]
[Opening "KGA: Quaade gambit"]
[ECO "C37"]
[Time "14:00:45"]
[PlyCount "51"]
[TimeControl "2700+45"]

1. e4 e5 2. f4 exf4 3. Nf3 g5 4. Nc3 Bg7 5. h3 d6 6. d4 Nc6 7. g3 h6 8. gxf4
gxf4 9. Rg1 Qf6 10. Nd5 Qd8 11. Rxg7 Nf6 12. Nxf4 Nxe4 13. Bc4 Ng5 14. Nxg5 hxg5
15. Qe2+ Ne7 16. Bxf7+ Kf8 17. Nh5 Nf5 18. Bxg5 Qd7 19. O-O-O Nxg7 20. Rf1 Nxh5
21. Be6+ Kg7 22. Bxd7 Bxd7 23. Qe7+ Kg6 24. Qxd7 Kxg5 25. Qg4+ Kh6 26. Rf5
{Black resigns} 1-0

[Event "Team 45 45 League T91"]
[Site "Internet Chess Club"]
[Date "2022.01.19"]
[Round "2"]
[White "RD1974"]
[Black "ChessMaine"]
[Result "1-0"]
[WhiteElo "1555"]
[BlackElo "1444"]
[Opening "Catalan: closed, 6...Nbd7"]
[ECO "E07"]
[Time "19:00:40"]
[PlyCount "115"]
[TimeControl "2700+45"]

1. d4 d5 2. c4 e6 3. Nf3 Nf6 4. g3 Be7 5. Bg2 O-O 6. O-O Nbd7 7. Nc3 dxc4 8. e4
c6 9. a4 Bb4 10. Qc2 Bxc3 11. bxc3 b5 12. Bg5 h6 13. Be3 Nb6 14. axb5 cxb5 15.
Rfb1 Bd7 16. Ne5 a6 17. Rd1 Qc7 18. Bf4 g5 19. Nxd7 Qxd7 20. Be5 Ng4 21. Qe2
Nxe5 22. dxe5 Qc7 23. f4 Qe7 24. Qe3 Na4 25. f5 Qc5 26. Rd4 Rad8 27. Rad1 Nb2
28. R1d2 Nd3 29. h4 Qxe5 30. hxg5 hxg5 31. Rxd8 f6 32. Rxf8+ Kxf8 33. Rc2 exf5
34. Kh2 f4 35. gxf4 gxf4 36. Qd4 Qh5+ 37. Bh3 Ne5 38. Qd8+ Kf7 39. Qc7+ Kf8 40.
Qd6+ Ke8 41. Qe6+ Kf8 42. Qxf6+ Ke8 43. Qxf4 Nf3+ 44. Kg3 Ne5 45. Rh2 Qg6+ 46.
Bg4 Nxg4 47. Qxg4 Qd6+ 48. Kh3 Qh6+ 49. Qh4 Qe3+ 50. Kg2 Qd2+ 51. Kf3 Qd3+ 52.
Kf4 Qd6+ 53. e5 Qf8+ 54. Ke4 b4 55. cxb4 Qxb4 56. Qh8+ Ke7 57. Rh7+ Ke6 58. Qf6#
{Black checkmated} 1-0

[Event "Team 45 45 League T91"]
[Site "Internet Chess Club"]
[Date "2022.01.24"]
[Round "2"]
[White "Balderdash"]
[Black "grekor"]
[Result "1-0"]
[WhiteElo "1271"]
[BlackElo "1102"]
[Opening "Owen defense"]
[ECO "B00"]
[Time "18:00:26"]
[PlyCount "67"]
[TimeControl "2700+45"]

1. e4 b6 2. g3 e6 3. Bg2 Bb7 4. Nc3 Bb4 5. Qf3 Nf6 6. Nge2 d6 7. a3 Bxc3 8. Nxc3
Nbd7 9. d3 O-O 10. Bg5 Ne5 11. Qe3 c5 12. O-O-O Rb8 13. f4 Neg4 14. Qf3 Bc6 15.
h3 Nh2 16. Rxh2 b5 17. Bxf6 Qxf6 18. Qe3 b4 19. axb4 Rxb4 20. e5 Qe7 21. Bxc6 d5
22. Na2 Rb6 23. Ba4 Rfb8 24. b3 d4 25. Qd2 Qb7 26. Qg2 Qa6 27. c4 Qxa4 28. bxa4
Rb1+ 29. Kd2 R8b2+ 30. Ke1 Rxg2 31. Rxg2 Rxd1+ 32. Kxd1 a5 33. Rb2 Kf8 34. Rb5
{Black resigns} 1-0

[Event "Team 45 45 League T91"]
[Site "Internet Chess Club"]
[Date "2022.01.21"]
[Round "2"]
[White "kabindra"]
[Black "DaveTheRook"]
[Result "1-0"]
[WhiteElo "1668"]
[BlackElo "1393"]
[Opening "Sicilian: closed"]
[ECO "B23"]
[Time "14:01:00"]
[PlyCount "71"]
[TimeControl "2700+45"]

1. e4 c5 2. Nc3 e6 3. Bc4 a6 4. a4 Nc6 5. f4 Qc7 6. d3 Be7 7. Nf3 Nf6 8. e5 Ng8
9. O-O Nh6 10. Ne4 Nf5 11. c3 d5 12. exd6 Nxd6 13. Nxd6+ Bxd6 14. Ng5 h6 15. Ne4
O-O 16. Qh5 f5 17. Nxd6 Qxd6 18. Be3 Bd7 19. Qf3 Na5 20. Qf2 b6 21. b4 Nxc4 22.
bxc5 Qxd3 23. Bd4 bxc5 24. Bxc5 Bc6 25. Rfd1 Qxc3 26. Rac1 Qb3 27. Bxf8 Rxf8 28.
Qc5 Bd5 29. Rxd5 exd5 30. Qxd5+ Kh8 31. Qxc4 Qe3+ 32. Kh1 Re8 33. h3 Qf2 34.
Qxa6 Re2 35. Qc8+ Kh7 36. Qxf5+ {Black forfeits on time} 1-0